 Dungeon Sprint DCSS version 0.19.1 (webtiles) character file.

103 Groucho the Gouger (level 4, -8/24 HPs)
             Began as a Felid Berserker on Dec 5, 2016.
             Was an Elder of Trog.
             Mangled by a komodo dragon (23 damage)
             ... in the Dungeon (Sprint IX: "|||||||||||||||||||||||||||||").
             The game lasted 00:00:44 (833 turns).

Groucho the Gouger (Felid Berserker)                 Turns: 833, Time: 00:00:45

Health: -8/24      AC:  3    Str: 13    XL:     4   Next: 51%
Magic:  5/5        EV: 24    Int: 11    God:    Trog [****..]
Gold:   10         SH:  0    Dex: 17    Spells: 0 memorised, 3 levels left
                                        Lives:  0   Deaths: 1

rFire  . . .     SeeInvis +       - Unarmed
rCold  . . .     Gourm    .     (armour unavailable)
rNeg   . . .     Faith    .     (shield unavailable)
rPois  .         Spirit   .     (helmet unavailable)
rElec  .         Reflect  .     (cloak unavailable)
rCorr  .         Harm     .     (gloves unavailable)
MR     .....     NoTele   +     (boots unavailable)
Stlth  ++........               (no amulet)
                                l - +3 ring of intelligence
                                k - +2 ring of protection

@: quick
A: no armour, no weapons or thrown items, stealth, claws 1, fangs 3, see
invisible, carnivore 3, speed 1, shaggy fur 1, slow metabolism 1, sharp paws
a: Berserk, Trog's Hand, Brothers in Arms, Burn Spellbooks, Renounce Religion


You were in the Dungeon.
You worshipped Trog.
Trog was greatly pleased with you.
You were not hungry.

You visited 1 branch You collected 10 gold pieces.

Inventory:

Jewellery
 k - a +2 ring of protection (left paw)
 l - a +3 ring of intelligence (right paw)
Wands
 j - a wand of iceblast (7/15)
Scrolls
 g - 2 scrolls of blinking
 i - 3 scrolls of remove curse
 o - a scroll of identify
 p - a scroll of recharging
Potions
 b - 7 potions of curing
 c - 3 potions of heal wounds
 d - 2 potions of haste
 e - 4 potions of magic
 f - a potion of berserk rage
 h - a potion of invisibility
 m - 2 potions of might
 n - a potion of agility
Comestibles
 a - a meat ration


   Skills:
 + Level 6.4 Fighting
 + Level 8.5 Dodging
 * Level 8.8 Unarmed Combat


You had 3 spell levels left.
You didn't know any spells.

Dungeon Overview and Level Annotations

Branches:
Dungeon (1/1)

Altars:
Cheibriados
Dithmenos
Elyvilon
Fedhas
Gozag
Hepliaklqana
Kikubaaqudgha
Makhleb
Nemelex Xobeh
Okawaru
Qazlal
Ru
Sif Muna
Trog
Uskayaw
Vehumet
Xom
Yredelemnul
Zin
The Shining One
Beogh
Jiyva
Lugonu


Innate Abilities, Weirdness & Mutations

You cannot wear armour.
You are incapable of wielding weapons or throwing items.
Your paws allow you to move quietly. (Stealth)
You have sharp claws.
You have razor-sharp teeth.
You have supernaturally acute eyesight. (SInv)
You are carnivorous and can eat meat at any time.
You cover ground quickly.
You are covered in fur. (AC +1)
You have a slow metabolism.
Your sharp claws are effective at attacking unaware monsters.


Message History

You now have 10 gold pieces.
o - a scroll of identify You see here 2 scrolls of enchant weapon.
p - a scroll of recharging You see here 2 scrolls of enchant weapon.
You see here 2 scrolls of enchant weapon.
You open the door. 2 komodo dragons, a water moccasin, a porcupine and 2 giant frogs come into view.
The bullfrog croaks.
The komodo dragon hisses angrily.
The spiny frog gives a loud, deep croak!
The komodo dragon hisses angrily.
There are monsters nearby!
You claw the komodo dragon!
The komodo dragon is moderately wounded.
The komodo dragon bites you!
You scratch the komodo dragon but do no damage.
The komodo dragon is moderately wounded.
The komodo dragon bites you!!
Ouch! That really hurt!
You die...

▓▓▓▓▓▓▓▓▓▓▓▓▓▓▓▓▓▓▓▓▓▓▓▓▓▓▓▓▓▓▓▓▓
____________________'.....'....÷÷
▓▓▓▓▓▓▓▓▓▓▓▓▓▓▓▓▓▓▓▓▓▓▓▓▓▓▓▓▓▓▓▓▓
.................................
▓▓▓▓▓▓▓▓▓▓▓▓▓▓▓▓▓▓▓▓▓▓▓▓▓▓▓▓▓▓▓▓▓
.lFrSFl@?.?..[[.....'...
▓▓▓▓▓▓▓▓▓▓▓▓▓▓▓▓▓▓▓▓▓▓▓▓


You could see 2 komodo dragons, a spiny frog, a water moccasin, a bullfrog and a
porcupine.

Vanquished Creatures
  A hungry ghost (D)
  A hound (D)
  An iguana (D)
  An adder (D)
  An ooze (D)
  A dart slug (D)
  A ball python (D)
  A ball python skeleton (D)
  A bat (D)
  A frilled lizard (D)
  A quokka skeleton (D)
11 creatures vanquished.

Notes
Turn   | Place    | Note
-------+----------+-------------------------------------------
     0 | D        | Groucho the Felid Berserker began the quest for the Orb.
     0 | D        | Reached XP level 1. HP: 10/10 MP: 2/2
     9 | D        | Reached ** piety under Trog
    14 | D        | Reached XP level 2. HP: 11/14 MP: 3/3
   277 | D        | Reached skill level 5 in Dodging
   282 | D        | Reached *** piety under Trog
   296 | D        | Reached skill level 5 in Unarmed Combat
   296 | D        | Reached XP level 3. HP: 5/18 MP: 4/4
   302 | D        | Reached XP level 4. HP: 5/22 MP: 5/5
   692 | D        | Found a roughly hewn altar of Beogh.
   692 | D        | Found a snail-covered altar of Cheibriados.
   692 | D        | Found a shadowy altar of Dithmenos.
   692 | D        | Found a white marble altar of Elyvilon.
   692 | D        | Found a blossoming altar of Fedhas.
   692 | D        | Found an opulent altar of Gozag.
   693 | D        | Found a hazy altar of Hepliaklqana.
   694 | D        | Found a viscous altar of Jiyva.
   695 | D        | Found an ancient bone altar of Kikubaaqudgha.
   696 | D        | Found a corrupted altar of Lugonu.
   697 | D        | Found a burning altar of Makhleb.
   698 | D        | Found a sparkling altar of Nemelex Xobeh.
   699 | D        | Found an iron altar of Okawaru.
   700 | D        | Found a stormy altar of Qazlal.
   701 | D        | Found a sacrificial altar of Ru.
   702 | D        | Found a deep blue altar of Sif Muna.
   703 | D        | Found a bloodstained altar of Trog.
   704 | D        | Found a hide-covered altar of Uskayaw.
   705 | D        | Found a radiant altar of Vehumet.
   706 | D        | Found a shimmering altar of Xom.
   707 | D        | Found a basalt altar of Yredelemnul.
   708 | D        | Found a glowing silver altar of Zin.
   709 | D        | Found a glowing golden altar of the Shining One.
   736 | D        | Noticed a hill giant
   736 | D        | Noticed a hungry ghost
   749 | D        | Killed a hungry ghost
   749 | D        | Reached **** piety under Trog
   749 | D        | Reached XP level 5. HP: 17/28 MP: 6/6
   755 | D        | Demolished by a hill giant
   756 | D        | Reached XP level 4. HP: -16/24 MP: 5/5
   831 | D        | Noticed a komodo dragon
   831 | D        | Noticed a spiny frog
   831 | D        | Noticed a porcupine
   831 | D        | Noticed a water moccasin
   831 | D        | Noticed a bullfrog
   831 | D        | Noticed a komodo dragon
   833 | D        | Mangled by a komodo dragon

Skill      XL: |  1  2  3  4 |
---------------+-------------+-----
Unarmed Combat | 4 5 6 8 |  8.8
Dodging        | 5 6 8 |  8.5
Fighting       | 4 6 |  6.4

Action                   |  1- 3 |  4- 6 || total
-------------------------+-------+-------++-------
Melee: Unarmed           |    27 |    20 ||    47
       Bite              |     4 |     4 ||     8
Invok: Berserk           |     1 |       ||     1
       Trog's Hand       |     1 |       ||     1
 Stab: Sleeping          |     2 |       ||     2
Armor: Skin              |     2 |     1 ||     3
Dodge: Dodged            |    21 |     9 ||    30
